 Dungeon Crawl Stone Soup version 0.15.0-13-gb296d5c (webtiles) character file.

207 CrazyArbalest the Quickloader (level 5, -4/37 HPs)
             Began as a Demonspawn Hunter on Sept 2, 2014.
             Slain by salade2fruit's ghost (5 damage)
             ... on Level 3 of the Dungeon on Sept 3, 2014.
             The game lasted 00:13:16 (2143 turns).

CrazyArbalest the Quickloader (Demonspawn Hunter)   Turns: 2143, Time: 00:13:17

HP  -4/37        AC  6     Str 13      XL: 5   Next: 54%
MP   5/5         EV  9     Int 12      God:
Gold 89          SH  0     Dex 14      Spells:  0 memorised,  4 levels left

rFire  + . .     SeeInvis .     b - +1 hand crossbow
rCold  . . .     Clarity  .     j - +0 ring mail
rNeg   . . .     rCorr    .     (no shield)
rPois  .         rRot     .     l - +0 helmet
rElec  .         Spirit   .     (no cloak)
SustAb .         Warding  .     (no gloves)
rMut   .         Stasis   .     (no boots)
Gourm  .                        (no amulet)
MR     .....                    (no ring)
                                (no ring)

@: lethally poisoned, not resistant to hostile enchantments, fairly stealthy
A: fire resistance 1, powered by death 1
a: no special abilities


You were on level 3 of the Dungeon.
You were not hungry.

You visited 1 branch of the dungeon, and saw 3 of its levels.

You collected 89 gold pieces.

Inventory:

Hand weapons
 a - a +0 mace
 b - a +1 hand crossbow (weapon)
 t - a +0 flail
 w - a +2 short sword of venom
Missiles
 c - 41 bolts (quivered)
Armour
 d - a +0 leather armour
 j - a +0 ring mail (worn)
 l - a +0 helmet (worn)
 y - a +1 leather armour of fire resistance
Comestibles
 f - a bread ration
 g - a chunk of orc flesh
 i - a chunk of orc flesh
 s - 2 meat rations
 v - 2 rotting chunks of orc flesh
 B - a slice of pizza
Scrolls
 e - 3 scrolls of remove curse {unknown}
 k - 2 scrolls of identify {unknown}
 p - a scroll of teleportation {unknown}
 z - 2 scrolls of noise {unknown}
 C - a scroll of blinking {unknown}
Jewellery
 m - an uncursed ring of magical power {unknown}
 q - a cursed ring of loudness {unknown}
 x - a +1 ring of strength {unknown}
Potions
 h - a potion of restore abilities
 n - a potion of cure mutation
 r - a potion of agility


   Skills:
 + Level 1.5 Fighting
 + Level 0.3 Maces & Flails
 + Level 8.6 Crossbows
 + Level 1.8 Armour
 + Level 2.4 Dodging
 + Level 8.0 Stealth


You had 4 spell levels left.
You didn't know any spells.

Dungeon Overview and Level Annotations

Branches:
Dungeon (3/15)

Altars:
Elyvilon

Annotations:
D:3 salade2fruit's ghost, average DDHu


Innate Abilities, Weirdness & Mutations

You can steal the life force of nearby defeated enemies.
Your flesh is heat resistant.


Message History

Salade2fruit's ghost hits you but does no damage.
Drink which item? (? for menu, Esc to quit)
You feel more experienced!
Your Crossbows skill gained 4 levels and is now at level 8!
Your Stealth skill gained 7 levels and is now at level 8!
It was a potion of experience.
You have reached level 5!
You feel sick. The adder barely misses you.
The goblin hits you but does no damage. Salade2fruit's ghost hits you.
* * * LOW HITPOINT WARNING * * *
Firing (i - inventory):
c - 42 bolts (quivered)
Press: ? - help, Shift-Dir - straight line, f/p - adder
Aim: an adder (severely wounded)
You shoot a bolt. The bolt hits the adder.
The adder is severely wounded.
The adder closely misses you. The goblin hits you.
* * * LOW HITPOINT WARNING * * *
Salade2fruit's ghost shouts, "You will join me soon!"
Salade2fruit's ghost hits you.
You die...

.# ####.##....
#W@S.....#
#g##>##..##
#.##.##♣..PP..#.#
#.##.#P..≈≈≈.P..#.#
#.##.PP.≈≈♣≈≈.....#
#...P..≈≈≈≈≈......#
#.#.P..≈≈≈≈♣≈P....
#####
#.#P...♣≈♣....P..
...#
#.#P....≈.P..P#.#


You could see salade2fruit's ghost, an adder and a goblin.

Vanquished Creatures
  An orc wizard (D:3)
  2 adders (D:2)
  A giant mite (D:3)
  A worm (D:2)
  A giant gecko (D:3)
  4 orcs (D:3)
  3 bats
  5 hobgoblins
  6 jackals
  A quokka (D:2)
  A giant cockroach (D:2)
  A giant newt (D:1)
  7 goblins
  8 kobolds
  5 rats
47 creatures vanquished.

Notes
Turn   | Place    | Note
--------------------------------------------------------------
     0 | D:1      | CrazyArbalest, the Demonspawn Hunter, began the quest for the Orb.
     0 | D:1      | Reached XP level 1. HP: 15/15 MP: 1/1
   227 | D:1      | Reached skill level 4 in Crossbows
   246 | D:1      | Gained mutation: You can steal the life force of nearby defeated enemies. [demonic ancestry]
   246 | D:1      | Reached XP level 2. HP: 21/21 MP: 2/2
  1155 | D:2      | Found a white marble altar of Elyvilon.
  1212 | D:2      | Reached XP level 3. HP: 21/26 MP: 3/3
  1365 | D:2      | Reached skill level 1 in Armour
  1365 | D:2      | Reached skill level 1 in Stealth
  1780 | D:3      | Reached XP level 4. HP: 28/32 MP: 4/4
  1808 | D:3      | Noticed salade2fruit's ghost (average DDHu)
  1967 | D:3      | Gained mutation: You tend to lose your temper in combat. [potion of mutation]
  1967 | D:3      | Gained mutation: Your flesh is heat resistant. [potion of mutation]
  1967 | D:3      | Lost mutation: You tend to lose your temper in combat. [potion of mutation]
  2142 | D:3      | Reached skill level 8 in Crossbows
  2142 | D:3      | Reached XP level 5. HP: 8/37 MP: 5/5
  2143 | D:3      | HP: 1/37 [goblin (1)]
  2143 | D:3      | Slain by salade2fruit's ghost

Action                   |  1- 3 |  4- 6 || total
-------------------------+-------+-------++-------
Melee: Club              |   129 |       ||   129
       Short sword       |     1 |       ||     1
       Mace              |    40 |    31 ||    71
 Fire: Hand crossbow     |    30 |    14 ||    44
  Use: Potion            |       |     7 ||     7
  Eat: Chunk             |     3 |     1 ||     4
